 Dungeon Crawl Stone Soup version 0.19.1-1-g22dce08 (webtiles) character file.

72 theAP the Skirmisher (level 4, -7/29 HPs)
             Began as a Gargoyle Fighter on Jan 3, 2017.
             Killed by divine providence
             ... invoked by an orc priest
              (16 damage)
             ... on level 3 of the Dungeon.
             The game lasted 00:03:14 (1967 turns).

theAP the Skirmisher (Gargoyle Fighter)             Turns: 1967, Time: 00:03:14

Health: -7/29      AC: 11    Str: 20    XL:     4   Next: 25%
Magic:  4/4        EV:  7    Int:  9    God:
Gold:   137        SH:  9    Dex:  9    Spells: 0 memorised, 3 levels left

rFire  . . .     SeeInvis .     a - +1 flail
rCold  . . .     Gourm    .     b - +0 scale mail
rNeg   + . .     Faith    .     c - +0 shield
rPois  ∞         Spirit   .     (no helmet)
rElec  +         Reflect  .     (no cloak)
rCorr  .         Harm     .     l - +0 pair of gloves
MR     .....                    (no boots)
Stlth  ..........               p - amulet of magic regeneration
                                (no ring)
                                (no ring)

@: no status effects
A: negative energy resistance 1, electricity resistance, unbreathing,
petrification resistance, rot immunity, AC +3
a: no special abilities


You were on level 3 of the Dungeon.
You were hungry.

You visited 1 branch of the dungeon, and saw 3 of its levels.

You collected 137 gold pieces.

Inventory:

Hand Weapons
 a - a +1 flail (weapon)
Armour
 b - a +0 scale mail (worn)
 c - a +0 shield (worn)
 l - a +0 pair of gloves (worn)
Jewellery
 p - an amulet of magic regeneration (around neck)
Wands
 q - a wand of iceblast (7/15)
Scrolls
 h - 3 scrolls of identify
 j - a scroll of fear
 r - a scroll of enchant weapon
 s - a scroll of magic mapping {unknown}
Potions
 d - a potion of might
 e - a potion of magic {unknown}
 k - a potion of berserk rage
 n - a potion of invisibility
 o - a potion of brilliance {unknown}
 t - 2 potions of heal wounds {unknown}
 u - a potion of cure mutation {unknown}
Comestibles
 f - 3 bread rations
 g - 2 slices of pizza
 i - 2 beef jerkies
 m - a meat ration


   Skills:
 + Level 4.0 Fighting
 * Level 3.3 Maces & Flails
 - Level 3.5 Armour
 - Level 3.5 Shields


You had 3 spell levels left.
You didn't know any spells.

Dungeon Overview and Level Annotations

Branches:
Dungeon (3/15)

Altars:


Innate Abilities, Weirdness & Mutations

You are resistant to torment.
Your stone body is resilient. (AC +3)
You are immune to poison.
You resist negative energy. (rN+)
You are resistant to electric shocks. (rElec)
You can survive without breathing.
You are immune to petrification.
You are immune to rotting.


Message History

Your scale mail prevents you from hitting the orc wizard.
The orc wizard is almost dead.
You completely miss the orc wizard.
The orc wizard is almost dead.
The orc wizard casts a spell at you. The magic dart hits you!
You closely miss the orc wizard.
The orc wizard is almost dead.
The orc hits you but does no damage.
The orc wizard points at you and mumbles some strange words.
You resist with some effort.
You closely miss the orc wizard.
The orc wizard is almost dead.
The orc barely misses you. The orc wizard casts a spell at you.
The puff of flame hits you!
The orc priest invokes the aid of Beogh against you.
Beogh smites you!
Ouch! That really hurt!
You die...

#............... #.
...........P..P. #.
..P♣♣♣...♣♣♣...♣ #.
#..♣ ♣...♣ ♣...♣ #.
#..♣♣♣..P♣♣♣...♣ #.
#...P....[P...PP #o
#...............
#o##...PP..PP.....P
#o@...♣ ♣..P♣♣♣P.P♣
####..♣ ♣...♣ ♣..P♣
#.P♣♣♣...♣♣♣..P♣
#..P...[P...P...
#...............
#.###.###..#####
#...............
################ #


You could see an orc priest, an orc wizard and an orc.

Vanquished Creatures
  A gnoll (D:1)
  An adder (D:2)
  An ooze (D:1)
  A worm (D:2)
  A dart slug (D:1)
  2 leopard geckos
  2 orcs (D:3)
  8 bats
  3 giant cockroaches (D:1)
  6 hobgoblins
  2 frilled lizards
  5 goblins
  A kobold (D:2)
  4 rats
38 creatures vanquished.

Notes
Turn   | Place    | Note
-------+----------+-------------------------------------------
     0 | D:1      | theAP the Gargoyle Fighter began the quest for the Orb.
     0 | D:1      | Reached XP level 1. HP: 14/14 MP: 1/1
    29 | D:1      | Reached XP level 2. HP: 16/19 MP: 2/2
   301 | D:1      | Reached XP level 3. HP: 18/23 MP: 3/3
  1333 | D:2      | Reached skill level 4 in Fighting
  1333 | D:2      | Reached XP level 4. HP: 29/29 MP: 4/4
  1967 | D:3      | Killed from afar by an orc priest

Skill      XL: |  1  2  3 |
---------------+----------+-----
Maces & Flails | 3 |  3.3
Fighting       | 4 |  4.0
Armour         | |  3.5
Shields        | |  3.5

Action                   |  1- 3 |  4- 6 || total
-------------------------+-------+-------++-------
Melee: Flail             |    93 |    57 ||   150
  Use: Scroll            |     5 |     3 ||     8
  Eat: Chunk             |     1 |     2 ||     3
Armor: Scale mail        |    50 |    28 ||    78
Dodge: Dodged            |    21 |    21 ||    42
Block: Shield            |    55 |    30 ||    85
